 Dungeon Crawl Stone Soup version 0.31-a0-876-gfe8ebadbca (webtiles) character file.

Game seed: 18253927212915090926

228 Naiya55 the Chiller (level 6, -2/49 HPs)
             Began as a Naga Ice Elementalist on Oct 13, 2023.
             Splashed by a jelly's acid (8 damage)
             ... on level 4 of the Dungeon.
             The game lasted 00:06:09 (2448 turns).

Naiya55 the Chiller (Naga Ice Elementalist)         Turns: 2448, Time: 00:06:10

Health: -2/49      AC: -1    Str: 10    XL:     6   Next: 2%
Magic:  3/9        EV: 10    Int: 17    God:
Gold:   178        SH:  0    Dex: 12    Spells: 5/9 levels left

rFire   . . .        c - +0 dagger
rCold   . . .        (no shield)
rNeg    . . .        a - +0 robe
rPois   +            (no helmet)
rElec   .            (no cloak)
rCorr   .            (no gloves)
SInv    +            (no barding)
Will    .....        (no amulet)
Stlth   ++           (no ring)
HPRegen 0.28/turn    (no ring)
MPRegen 0.11/turn

%: no passive effects
@: corroded, very slow
A: AC +2, large, see invisible, deformed body, poison resistance, slowness 2,
spit poison 1, naga tail 1
a: Spit Poison


You were on level 4 of the Dungeon.
You visited 1 branch of the dungeon, and saw 4 of its levels.

You collected 178 gold pieces.

Inventory:

Hand Weapons
 c - a +0 dagger (weapon)
Armour
 a - a +0 robe (worn)
Jewellery
 m - a +4 ring of protection
Scrolls
 e - a scroll of poison {unknown}
 f - 2 scrolls of amnesia {unknown}
 h - 3 scrolls of identify {unknown}
 i - 2 scrolls of teleportation {unknown}
 l - a scroll of enchant weapon {unknown}
Potions
 b - 2 potions of magic
 d - a potion of resistance {unknown}
 g - a potion of heal wounds
 j - a potion of might {unknown}
 k - 2 potions of degeneration {unknown}
 n - a potion of enlightenment {unknown}


   Skills:
 - Level 1.5 Dodging
 - Level 3.0 Stealth
 - Level 2.0 Spellcasting
 + Level 7.1 Ice Magic


You had 5 spell levels left.
You knew the following spells:

 Your Spells              Type           Power      Damage    Failure   Level
a - Freeze                Ice            100%       1d10      1%          1
b - Frozen Ramparts       Ice            50%        1d8       3%          3

Your spell library contained the following spells:

 Spells                   Type           Power      Damage    Failure   Level
 Ozocubu's Armour         Ice            25%        N/A       3%          3
 Magic Dart               Conj           4%         1d3       19%         1
 Searing Ray              Conj           2%         2d4       28%         2
 Summon Ice Beast         Ice/Summ       13%        N/A       41%         4
 Metabolic Englaciation   Hex/Ice        6%         N/A       77%         5
 Fulminant Prism          Conj/Hex       0%         3d5       88%         4
 Simulacrum               Ice/Necr       6%         N/A       100%        6


Dungeon Overview and Level Annotations

Branches:
Dungeon (4/15)
 Temple: D:4-7

Altars:
Gozag


Innate Abilities, Weirdness & Mutations

Your serpentine skin is tough. (AC +2)
You have supernaturally acute eyesight. (SInv)
Armour fits poorly on your strangely shaped body.
Your system is resistant to poisons. (rPois)
You cover ground very slowly.
You can spit poison.
You have a snake-like lower body.


Message History

You closely miss the kobold. The kobold hits you with a +0 dagger.
You closely miss the kobold. The kobold barely misses you.
A jelly comes into view.
You closely miss the kobold. The kobold closely misses you.
You barely miss the kobold.
The jelly quivers.
The kobold hits you with a +0 dagger.
You barely miss the kobold. The kobold closely misses you.
Casting: Freeze (safe; 1% risk of failure)
Confirm with . or Enter, or press ? or * to list all spells.
Okay, then.
You hit the kobold.
You kill the kobold!
Casting: Freeze (safe; 1% risk of failure)
Confirm with . or Enter, or press ? or * to list all spells.
You don't have enough magic to cast this spell.
Casting: Freeze (safe; 1% risk of failure)
Confirm with . or Enter, or press ? or * to list all spells.
You don't have enough magic to cast this spell.
You hit the jelly.
Your hands burn!
The jelly is lightly wounded.
The jelly closely misses you.
You barely miss the jelly.
The jelly is lightly wounded.
A dart slug comes into view.
The jelly barely misses you.
You hit the jelly.
Your hands burn!
The jelly is heavily wounded.
The jelly hits you but does no damage.
You barely miss the jelly.
The jelly is heavily wounded.
The jelly hits you. The acid corrodes you!
You are splashed with acid!
You hit the jelly but do no damage.
Your hands burn!
The jelly is heavily wounded.
The jelly hits you.
You are splashed with acid!
* * * LOW HITPOINT WARNING * * *
The jelly hits you.
* * * LOW HITPOINT WARNING * * *
You are splashed with acid!
You die...

## ..# #. ...# .# #.# ###.
....# .# #.##....# ....##
.############.#.#
#.##......
...............####.......#
.#############.##........#
.# #.##.##)# .# ###.#K#w##
## #...@J.## #.###### #. #


You could see a jelly, a dart slug and a kobold.

Vanquished Creatures
  A water moccasin (D:3)
  2 orc wizards (D:3)
  An adder (D:2)
  2 worms
  A dart slug (D:1)
  5 orcs (D:3)
  5 ball pythons
  3 bats
  6 endoplasms
  3 goblins
  2 hobgoblins
  4 jackals (D:4)
  2 quokkas (D:2)
  4 frilled lizards
  3 kobolds
  4 rats
48 creatures vanquished.

Notes
Turn   | Place    | Note
-------+----------+-------------------------------------------
     0 | D:1      | Naiya55 the Naga Ice Elementalist began the quest for the
                  | Orb.
     0 | D:1      | Reached XP level 1. HP: 15/15 MP: 3/3
   170 | D:1      | Reached XP level 2. HP: 11/22 MP: 0/5
   953 | D:2      | Reached XP level 3. HP: 24/28 MP: 6/6
  1038 | D:2      | Reached skill level 5 in Ice Magic
  1073 | D:2      | Learned a level 3 spell: Frozen Ramparts
  1274 | D:3      | Reached XP level 4. HP: 26/36 MP: 3/7
  1443 | D:3      | Identified the +10 dagger "Uzucadi" {heavy, Dex+5}
  1554 | D:3      | Found an opulent altar of Gozag.
  1600 | D:3      | Noticed a water moccasin
  1609 | D:3      | Killed a water moccasin
  1610 | D:3      | Reached skill level 6 in Ice Magic
  1610 | D:3      | Reached XP level 5. HP: 20/42 MP: 3/8
  1701 | D:3      | Found a faded altar of an unknown god.
  2292 | D:4      | Reached skill level 7 in Ice Magic
  2427 | D:4      | Reached XP level 6. HP: 44/49 MP: 4/9
  2448 | D:4      | Splashed by a jelly's acid

Illustrated notes

Levels and vault maps discovered:
D:1:      dpeg_arrival_castle, layout_rooms, minmay_crystal_room
D:2:      layout_rooms, serial_rivers, chequers_serial_rivers_micro_c,
          chequers_serial_rivers_micro_a, chequers_serial_rivers_large_b,
          chequers_serial_rivers_room_a, chequers_serial_rivers_micro_c,
          chequers_serial_rivers_micro_c
D:3:      layout_loops_corners, lemuel_coloured_pillars_altar,
          ebering_ecumenical_altar_rust, minivault_19
D:4:      layout_loops_cross, marbit_many_paths

Skill      XL: |  1  2  3  4  5 |
---------------+----------------+-----
Ice Magic      | 5 6 7 |  7.1
Dodging        | |  1.5
Stealth        | |  3.0
Spellcasting   | |  2.0

Action                     |  1- 3 |  4- 6 || total
---------------------------+-------+-------++-------
  Melee: Dagger            |    35 |    46 ||    81
   Cast: Freeze            |    18 |    14 ||    32
         Frozen Ramparts   |     1 |     2 ||     3
Ability: Spit Poison       |     5 |     4 ||     9
    Use: Potion            |       |     1 ||     1
   Stab: Sleeping          |     3 |     3 ||     6
 Armour: Robe              |    38 |    43 ||    81
  Dodge: Dodged            |    31 |    21 ||    52

Table legend: (Time is in decaauts)
 A = Elapsed time spent in this place.
 B = Non-inter-level travel time spent in this place.
 C = Inter-level travel time spent in this place.
 D = Time resting spent in this place.
 E = Time spent auto-exploring this place.
 F = Levels seen in this place.
 G = Mean time per level.
                   A        B        C        D        E       F      G
               +--------+--------+--------+--------+--------+-----+--------+
         Total |   3150 |   3030 |    120 |      0 |   2589 |   4 |  787.5 |
       Dungeon |   3150 |   3030 |    120 |      0 |   2589 |   4 |  787.5 |
               +--------+--------+--------+--------+--------+-----+--------+

Top non-repeatable levels by time:
     D:3: 1350 daAuts
     D:2: 797 daAuts
     D:1: 789 daAuts
     D:4: 213 daAuts
